Map: Kairos Junction LE

Players

Bly

  • Race: Zerg Zerg
  • Spawn Location: 11:00

Rail - Winner!

  • Race: Protoss Protoss
  • League: Grandmaster
  • Spawn Location: 5:00

Event: 2019 WCS Winter Europe

VOD

Have the link to the VOD?

Description

Time

  • Played on: Jan. 31, 2019, 10:20 a.m.
  • Length: 7:52

All games in this series

Show
View Real Time Build Order
Export as new Build Order

Bly Zerg 

Build Orders: Hatch First 

Get SALT Encoding   

  12  0:01  Drone  
  13  0:12  Overlord  
  13  0:17  Drone  
  14  0:30  Drone x2  
  16  0:49  Hatchery  
  15  0:52  Drone  
  15  0:55  Drone  
  17  0:59  Drone  
  18  1:10  Extractor  
  17  1:14  Spawning Pool  
  17  1:17  Drone  
  17  1:20  Drone  
  18  1:27  Drone  
  19  1:38  Drone  
  20  1:48  Overlord  
  20  2:02  Queen x2  
  20  2:04  Zergling x4  
  26  2:10  Drone  
  26  2:12  Metabolic Boost, Drone  
  28  2:21  Drone  
  29  2:33  Hatchery  
  29  2:36  Drone  
  29  2:38  Drone  
  30  2:45  Drone  
  30  2:48  Queen  
  33  2:52  Overlord  
  33  2:56  Drone  
  33  2:57  Drone  
  35  3:00  Drone  
  36  3:10  Overlord  
  36  3:12  Drone x4  
  40  3:15  Drone  
  41  3:21  Overlord  
  41  3:28  Queen  
  41  3:30  Drone x2  
  45  3:37  Drone  
  45  3:41  Overlord  
  46  3:43  Extractor  
  46  3:44  Roach Warren  
  46  3:46  Queen, Drone  
  47  3:50  Drone x2  
  47  3:53  Overlord  
  49  3:56  Drone  
  49  3:58  Drone  
  49  4:00  Drone x2  
  53  4:07  Drone x2  
  53  4:08  Drone x2  
  53  4:09  Drone  
  58  4:16  Drone x2  
  60  4:19  Overlord  
  60  4:27  Roach x2  
  64  4:31  Roach  
  64  4:34  Overlord  
  64  4:36  Overlord  
  66  4:38  Roach  
  66  4:39  Roach x2  
  66  4:43  Zergling x4  
  76  4:52  Ravager x3  
  76  4:55  Zergling x14  
  82  5:02  Zergling x10  
  82  5:03  Extractor  
  86  5:08  Ravager  
  86  5:09  Zergling x6  
  86  5:13  Overlord  
  90  5:17  Overlord  
  90  5:24  Overlord  
  90  5:30  Overlord x2  
  90  5:36  Ravager x2  
  90  5:38  Roach x2, Zergling x8  
  90  5:39  Zergling x6  
  103  5:45  Zergling x4  
  103  5:49  Zergling x2  
  106  5:59  Zergling x12  
  106  6:00  Ravager x2  
  106  6:01  Overlord  
  106  6:03  Zergling x10  
  110  6:14  Zergling x6  
  110  6:18  Zergling x2  
  99  6:25  Zergling x10  
  101  6:26  Queen x3  
  101  6:29  Zergling x6  
  101  6:32  Roach  
  112  6:37  Roach  
  101  6:45  Roach x2  
  104  6:49  Roach  
  105  6:59  Roach x3  
  104  7:02  Queen, Pneumatized Carapace  
  104  7:04  Roach x5  
  97  7:15  Roach x3  
  70  7:25  Roach x3  
  70  7:27  Roach x2  
  70  7:33  Roach  
  66  7:38  Ravager x2  
Show
View Real Time Build Order
Export as new Build Order

Rail Protoss - Winner!

Build Orders: 1 Gate Expand 

Get SALT Encoding   

  12  0:00  Probe  
  13  0:12  Probe  
  14  0:17  Pylon  
  14  0:24  Probe  
  15  0:32  Probe  
  15  0:38  Gateway  
  15  0:40  Probe  
  16  0:49  Assimilator  
  17  0:51  Probe  
  18  1:03  Probe  
  19  1:15  Probe  
  20  1:24  Nexus  
  20  1:32  Cybernetics Core  
  20  1:36  Probe  
  21  1:40  Assimilator  
  21  1:48  Probe  
  21  1:51  Pylon  
  22  1:59  Probe  
  23  2:07  Probe  
  23  2:09  Stalker, Warp Gate  
  23  2:15  Probe  
  27  2:23  Robotics Facility  
  27  2:26  Probe  
  28  2:33  Probe  
  29  2:38  Probe  
  29  2:39  Sentry  
  29  2:42  Probe  
  32  2:47  Gateway  
  32  2:50  Probe  
  32  2:51  Probe  
  35  2:58  Immortal  
  35  3:02  Probe  
  35  3:03  Probe  
  41  3:15  Pylon  
  41  3:16  Sentry  
  41  3:18  Probe  
  45  3:20  Probe  
  45  3:27  Immortal  
  45  3:30  Probe  
  45  3:33  Probe  
  47  3:40  Pylon  
  51  3:42  Probe  
  51  3:45  Shield Battery  
  51  3:47  Probe  
  53  3:51  Assimilator  
  53  3:54  Probe  
  53  3:55  Immortal  
  54  3:59  Probe  
  55  4:05  Pylon  
  60  4:22  Gateway x2  
  60  4:23  Warp Prism  
  59  4:28  Sentry, Gateway  
  61  4:33  Pylon  
  63  4:39  Gateway  
  63  4:42  Gateway  
  63  4:45  Pylon  
  63  4:51  Sentry  
  63  4:52  Sentry  
  67  4:53  Observer  
  67  4:54  Pylon  
  67  4:57  Pylon  
  68  5:04  Pylon  
  68  5:16  Adept x3  
  68  5:17  Adept  
  68  5:21  Pylon  
  76  5:22  Stalker  
  78  5:33  Stalker, Sentry  
  82  5:37  Adept x4  
  90  5:45  Pylon  
  90  5:58  Adept x3  
  90  5:59  Adept x2  
  90  6:01  Adept  
  90  6:04  Adept  
  90  6:26  Adept x2  
  90  6:27  Adept x5  
  94  6:47  Sentry  
  94  6:48  Adept x6  
  94  7:10  Adept x5  
  94  7:11  Adept x2  
  88  7:30  Adept x4  
  88  7:31  Adept x2  
  88  7:34  Stalker  
Tags
 
Add a new tag
Caveats
  • Supply blocks, unpowered buildings, or Contaminate may cause inaccurate times.
  • Supply counts are checked every 10 seconds.